 Dungeon Crawl Stone Soup version 0.29-a0-911-g88e6f02907 (webtiles) character file.

Game seed: 14130874054588973902

147 leavemydog the Shield-Bearer (level 5, 0/47 HPs)
             Began as a Gnoll Fighter on July 25, 2022.
             Slain by a river rat (5 damage)
             ... on level 3 of the Dungeon.
             The game lasted 00:04:17 (2278 turns).

leavemydog the Shield-Bearer (Gnoll Fighter)        Turns: 2278, Time: 00:04:18

Health: 0/47       AC:  7    Str: 17    XL:     5   Next: 29%
Magic:  7/7        EV:  9    Int:  7    God:
Gold:   154        SH:  5    Dex: 12    Spells: 7/7 levels left

rFire   . . .      SeeInvis .   a - +0 war axe
rCold   . . .      Faith    .   c - +0 buckler
rNeg    . . .      Spirit   .   b - +0 scale mail
rPois   .          Reflect  .   (no helmet)
rElec   .          Harm     .   (no cloak)
rCorr   .          Rampage  .   (no gloves)
Will    .....                   (no boots)
Stlth   ..........              s - amulet of magic regeneration
HPRegen 0.15/turn               (no ring)
MPRegen 0.50/turn               (no ring)

@: very slow
A: fangs 1, strong nose, distributed training
a: no special abilities


You were on level 3 of the Dungeon.
You visited 1 branch of the dungeon, and saw 3 of its levels.

You collected 154 gold pieces.

Inventory:

Hand Weapons
 a - a +0 war axe (weapon)
Armour
 b - a +0 scale mail (worn)
 c - a +0 buckler (worn)
Jewellery
 s - an amulet of magic regeneration (around neck)
Scrolls
 d - a scroll of identify
 o - a scroll of magic mapping {unknown}
 p - a scroll of teleportation {unknown}
 r - a scroll of immolation {unknown}
 t - a scroll of blinking {unknown}
Potions
 e - 2 potions of lignification
 g - a potion of mutation
 h - 3 potions of curing
 i - a potion of attraction {unknown}
 j - 2 potions of heal wounds
 k - a potion of brilliance {unknown}
 m - a potion of magic {unknown}
 n - a potion of ambrosia {unknown}
 q - a potion of flight {unknown}


   Skills:
 + Level 6.7 Fighting
 + Level 1.5 Short Blades
 + Level 1.5 Long Blades
 + Level 4.8 Axes
 + Level 1.5 Maces & Flails
 + Level 1.5 Polearms
 + Level 1.5 Staves
 + Level 1.5 Ranged Weapons
 + Level 1.5 Throwing
 + Level 6.7 Armour
 + Level 1.5 Dodging
 + Level 1.5 Stealth
 + Level 6.7 Shields
 + Level 1.5 Unarmed Combat
 + Level 1.5 Spellcasting
 + Level 1.2 Conjurations
 + Level 1.2 Hexes
 + Level 1.2 Summonings
 + Level 1.2 Necromancy
 + Level 1.2 Translocations
 + Level 1.2 Transmutations
 + Level 1.2 Fire Magic
 + Level 1.2 Ice Magic
 + Level 1.2 Air Magic
 + Level 1.2 Earth Magic
 + Level 1.2 Poison Magic
 + Level 1.7 Invocations
 + Level 1.5 Evocations


You had 7 spell levels left.
You didn't know any spells.
Your spell library contained the following spells:

 Spells                   Type           Power      Damage    Failure   Level
 Sandblast                Erth           4%         2d4       67%         1
 Passwall                 Tmut/Erth      1%         N/A       80%         2
 Conjure Flame            Conj/Fire      2%         6-21      95%         3
 Ignite Poison            Fire/Tmut/Pois 2%         N/A       95%         3
 Stone Arrow              Conj/Erth      4%         3d7       95%         3
 Corpse Rot               Necr/Pois/Air  2%         N/A       100%        4
 Dispel Undead            Necr           2%         3d7       100%        4
 Sticky Flame             Conj/Fire      2%         2d3       100%        4
 Death Channel            Necr           1%         N/A       100%        6


Dungeon Overview and Level Annotations

Branches:
Dungeon (3/15)

Altars:

Shops:
D:2 [


Innate Abilities, Weirdness & Mutations

You have very sharp teeth.
Your uncanny sense of smell can sniff out nearby items.
Your experience applies equally to all skills.


Message History

You hit the river rat.
The river rat is heavily wounded.
The river rat bites you but does no damage. x2
Your unstable footing causes you to fumble your attack.
You block the river rat's attack.
You barely miss the river rat.
The river rat is heavily wounded.
The river rat closely misses you.
Your unstable footing causes you to fumble your attack.
The river rat barely misses you.
Your unstable footing causes you to fumble your attack.
The river rat closely misses you. The river rat barely misses you.
You hit the river rat but do no damage.
The river rat is heavily wounded.
The river rat bites you.
Your unstable footing causes you to fumble your attack.
You block the river rat's attack.
Your unstable footing causes you to fumble your attack.
The river rat closely misses you. The river rat bites you.
* * * LOW HITPOINT WARNING * * *
Your unstable footing causes you to fumble your attack.
The river rat barely misses you.
Your unstable footing causes you to fumble your attack.
The river rat barely misses you.
You hit the river rat. Your bite misses the river rat.
The river rat is severely wounded.
The river rat bites you.
* * * LOW HITPOINT WARNING * * *
The river rat bites you but does no damage.
You closely miss the river rat.
The river rat is severely wounded.
You hear the rapid rusting of a drain very nearby.
The river rat bites you.
* * * LOW HITPOINT WARNING * * *
Your unstable footing causes you to fumble your attack.
The river rat bites you.
* * * LOW HITPOINT WARNING * * *
Your unstable footing causes you to fumble your attack.
The river rat bites you.
You die...

...#.........##....>......
..##..........#.##........
#.#######.###.............
#.# #.# #.....≈..?.... #.#
#.# #...≈≈≈≈≈.≈.(. #.. #.#
#)####≈#≈#≈≈. ### #.#
#.#≈≈≈≈≈≈≈≈≈.. .##.#
#.#≈########.#
#.##.###.#≈@r≈≈≈#
#.##...#.####≈#≈#
#.####...# # #.###....#
######.#....#.#
....##.....##.#
............#.#
..............#
...#......)...#####


You could see a river rat.

Vanquished Creatures
  6 gnolls (D:3)
  A river rat (D:3)
  An adder (D:3)
  A worm (D:3)
  2 dart slugs
  4 ball pythons
  6 bats
  4 endoplasms
  A giant cockroach (D:3)
  8 goblins
  3 hobgoblins
  7 jackals
  7 kobolds
  3 quokkas
  A frilled lizard (D:1)
  6 rats
61 creatures vanquished.

Notes
Turn   | Place    | Note
-------+----------+-------------------------------------------
     0 | D:1      | leavemydog the Gnoll Fighter began the quest for the Orb.
     0 | D:1      | Reached XP level 1. HP: 23/23 MP: 1/1
   177 | D:1      | Reached XP level 2. HP: 21/29 MP: 2/2
   710 | D:1      | Reached XP level 3. HP: 35/35 MP: 3/3
   790 | D:1      | Found a faded altar of an unknown god.
  1284 | D:2      | Reached skill level 1 in Invocations
  1564 | D:2      | Found Boapiac's Armour Emporium.
  1653 | D:3      | Reached skill level 1 in Short Blades
  1653 | D:3      | Reached skill level 1 in Long Blades
  1653 | D:3      | Reached skill level 1 in Maces & Flails
  1653 | D:3      | Reached skill level 1 in Polearms
  1653 | D:3      | Reached skill level 1 in Staves
  1653 | D:3      | Reached skill level 1 in Ranged Weapons
  1653 | D:3      | Reached skill level 1 in Throwing
  1653 | D:3      | Reached skill level 1 in Dodging
  1653 | D:3      | Reached skill level 1 in Stealth
  1653 | D:3      | Reached skill level 1 in Unarmed Combat
  1653 | D:3      | Reached skill level 1 in Spellcasting
  1653 | D:3      | Reached skill level 1 in Evocations
  1741 | D:3      | Reached XP level 4. HP: 36/41 MP: 5/5
  1768 | D:3      | HP: 1/41 [gnoll/+0 spear (6)]
  1771 | D:3      | Reached skill level 1 in Conjurations
  1771 | D:3      | Reached skill level 1 in Hexes
  1771 | D:3      | Reached skill level 1 in Summonings
  1771 | D:3      | Reached skill level 1 in Necromancy
  1771 | D:3      | Reached skill level 1 in Translocations
  1771 | D:3      | Reached skill level 1 in Transmutations
  1771 | D:3      | Reached skill level 1 in Fire Magic
  1771 | D:3      | Reached skill level 1 in Ice Magic
  1771 | D:3      | Reached skill level 1 in Air Magic
  1771 | D:3      | Reached skill level 1 in Earth Magic
  1771 | D:3      | Reached skill level 1 in Poison Magic
  2230 | D:3      | Reached XP level 5. HP: 40/47 MP: 7/7
  2278 | D:3      | Slain by a river rat

Illustrated notes

Levels and vault maps discovered:
D:1:      dpeg_arrival_connections, layout_basic,
          shapermc_ecumenical_altar_hornbeckon, minmay_close_crescents
D:2:      layout_basic, serial_shops, shop
D:3:      layout_rooms, mainiacjoe_overflow_alcove_1, lightli_sewer_entry_pipes,
          gammafunk_ghost_arena, minmay_fractal_squares_5

Skill      XL: |  1  2  3  4 |
---------------+-------------+-----
Invocations    | 1 |  1.7
Short Blades   | 1 |  1.5
Long Blades    | 1 |  1.5
Maces & Flails | 1 |  1.5
Polearms       | 1 |  1.5
Staves         | 1 |  1.5
Ranged Weapons | 1 |  1.5
Throwing       | 1 |  1.5
Dodging        | 1 |  1.5
Stealth        | 1 |  1.5
Unarmed Combat | 1 |  1.5
Spellcasting   | 1 |  1.5
Evocations     | 1 |  1.5
Conjurations   | 1 |  1.2
Hexes          | 1 |  1.2
Summonings     | 1 |  1.2
Necromancy     | 1 |  1.2
Translocations | 1 |  1.2
Transmutations | 1 |  1.2
Fire Magic     | 1 |  1.2
Ice Magic      | 1 |  1.2
Air Magic      | 1 |  1.2
Earth Magic    | 1 |  1.2
Poison Magic   | 1 |  1.2
Fighting       | |  6.7
Axes           | |  4.8
Armour         | |  6.7
Shields        | |  6.7

Action                   |  1- 3 |  4- 6 || total
-------------------------+-------+-------++-------
Melee: War axe           |   104 |    57 ||   161
       Bite              |     9 |     1 ||    10
  Use: Scroll            |     4 |     2 ||     6
       Potion            |       |     3 ||     3
Armor: Scale mail        |    57 |    14 ||    71
Dodge: Dodged            |    34 |    25 ||    59
Block: Buckler           |    52 |    15 ||    67

Table legend: (Time is in decaauts)
 A = Elapsed time spent in this place.
 B = Non-inter-level travel time spent in this place.
 C = Inter-level travel time spent in this place.
 D = Time resting spent in this place.
 E = Time spent auto-exploring this place.
 F = Levels seen in this place.
 G = Mean time per level.
                   A        B        C        D        E       F      G
               +--------+--------+--------+--------+--------+-----+--------+
         Total |   2335 |   2295 |     40 |    331 |   1555 |   3 |  778.3 |
       Dungeon |   2335 |   2295 |     40 |    331 |   1555 |   3 |  778.3 |
               +--------+--------+--------+--------+--------+-----+--------+

Top non-repeatable levels by time:
     D:1: 1146 daAuts
     D:3: 690 daAuts
     D:2: 498 daAuts
